 Dungeon Crawl Stone Soup version 0.29-a0-409-gd843f3a48c (webtiles) character file.

Game seed: 1988617985995656

105 holysushi the Insei (level 4, -4/35 HPs)
             Began as a Mummy Monk on May 14, 2022.
             Was a Priest of Jiyva.
             Killed by divine providence
             ... invoked by an orc priest
              (12 damage)
             ... on level 3 of the Dungeon.
             The game lasted 00:02:02 (2441 turns).

holysushi the Insei (Mummy Monk)                    Turns: 2441, Time: 00:02:02

Health: -4/35      AC:  8    Str: 14    XL:     4   Next: 54%
Magic:  4/4        EV: 11    Int:  9    God:    Jiyva [***...]
Gold:   177        SH:  0    Dex: 16    Spells: 3/3 levels left

rFire   x . .      SeeInvis .     - Unarmed
rCold   + . .      Faith    .   (no shield)
rNeg    + + +      Spirit   .   b - +3 ring mail
rPois   ∞          Reflect  .   (no helmet)
rElec   .          Harm     .   (no cloak)
rCorr   +          Rampage  .   (no gloves)
Will    .....                   (no boots)
Stlth   +.........              (no amulet)
HPRegen 1.23/turn               (no ring)
MPRegen 0.44/turn               (no ring)

@: no status effects
A: cold resistance 1, negative energy resistance 3, torment resistance 2, heat
vulnerability 1, in touch with death 1, no potions
a: Renounce Religion, Oozemancy


You were on level 3 of the Dungeon.
You worshipped Jiyva.
Jiyva was most pleased with you.
You visited 1 branch of the dungeon, and saw 3 of its levels.

You collected 177 gold pieces.

Inventory:

Armour
 a - a +0 robe
 b - a +3 ring mail (worn)
Scrolls
 c - a scroll of fear {unknown}
 d - 3 scrolls of identify {unknown}
 e - a scroll of enchant weapon {unknown}
 f - a scroll of amnesia {unknown}


   Skills:
 - Level 3.0 Fighting
 - Level 2.4 Dodging
 - Level 1.5 Stealth
 + Level 4.4 Unarmed Combat


You had 3 spell levels left.
You didn't know any spells.
Your spell library contained the following spells:

 Spells                   Type           Power      Damage    Failure   Level
 Stone Arrow              Conj/Erth      0%         3d7       94%         3
 Animate Armour           Summ/Erth      0%         N/A       100%        4
 Lehudib's Crystal Spear  Conj/Erth      0%         10d2      100%        8


Dungeon Overview and Level Annotations

Branches:
Dungeon (3/15)

Altars:
Vehumet
Jiyva


Innate Abilities, Weirdness & Mutations

You are immune to poison.
Your flesh is cold resistant. (rC+)
You are immune to negative energy. (rN+++)
You are immune to unholy pain and torment.
You are vulnerable to heat. (rF-)
You are in touch with the powers of death.
You do not drink.


Message History

* * * LOW HITPOINT WARNING * * *
Unknown command.
You bump into the rock wall.
You hear a distant slurping noise.
The orc closely misses you. The orc priest closely misses you.
The orc wizard hits you with a +0 dagger.
* * * LOW HITPOINT WARNING * * *
You punch the orc!
You kill the orc!
The orc priest hits you but does no damage.
The orc priest looks satisfied for a moment.
The orc wizard hits you with a +0 dagger.
* * * LOW HITPOINT WARNING * * *
You hit the orc priest.
The orc priest is lightly wounded.
You're too confused to move!
The orc priest misses you.
The orc priest hits you but does no damage.
The orc wizard barely misses you.
You hear a distant slurping noise.
The orc priest calls upon Beogh to heal the orc priest.
The orc priest's wounds heal themselves!
The orc hits you but does no damage.
You hear a distant slurping noise.
You hit the orc.
The orc is moderately wounded.
You feel less confused. The orc priest barely misses you.
The orc priest closely misses you.
The orc wizard hits you but does no damage.
The orc priest hits you from afar with a +0 trident.
* * * LOW HITPOINT WARNING * * *
The orc closely misses you.
The jelly hits the orc.
The orc is splashed with acid.
The acid corrodes the orc!
Unknown command.
The endoplasm hits the orc priest.
The orc wizard hits you but does no damage.
The orc wizard attacks as you move away!
The orc wizard closely misses you.
The orc priest calls down the wrath of Beogh upon you.
Beogh smites you!
You die...

#############..
#....ooo....<..
####.###+#..oooJ...#
..#.##...@.≈≈J≈≈.....
....##...≈..≈.≈..≈...
#.#.##...≈≈.....≈≈...
#.####.#.........._.......
#.....<#.###..≈≈.....≈≈..#
#.###..#.###..≈..≈.≈..≈...
#..)†##.....≈≈.≈≈...#.
#.##.............. #.
##.#..........


You could see 3 orc priests, an orc wizard, 2 orcs, a neutral jelly (wandering)
(fellow slime) and a neutral endoplasm (wandering) (fellow slime).

Vanquished Creatures
  4 gnolls
  An adder (D:2)
  A worm (D:2)
  3 dart slugs
  An orc (D:3)
  4 ball pythons
  9 bats
  2 endoplasms
  A giant cockroach (D:2)
  5 goblins
  3 hobgoblins
  3 kobolds
  5 quokkas (D:1)
  2 frilled lizards (D:1)
  6 rats
50 creatures vanquished.

Vanquished Creatures (others)
  A bat (D:3)
  An endoplasm (D:3)
  A kobold (D:3)
  5 plants (D:2)
  4 withered plants (D:2)
12 creatures vanquished.

Grand Total: 62 creatures vanquished

Notes
Turn   | Place    | Note
-------+----------+-------------------------------------------
     0 | D:1      | holysushi the Mummy Monk began the quest for the Orb.
     0 | D:1      | Reached XP level 1. HP: 18/18 MP: 1/1
   332 | D:1      | Reached XP level 2. HP: 24/24 MP: 2/2
   367 | D:1      | Reached skill level 3 in Unarmed Combat
   826 | D:1      | Gained mutation: You are in touch with the powers of death.
                  | [Mummy growth]
   826 | D:1      | Reached XP level 3. HP: 22/29 MP: 3/3
  1717 | D:2      | Found a faded altar of an unknown god.
  1730 | D:2      | Prayed at the altar of an unknown god.
  1730 | D:2      | Became a worshipper of Jiyva Jidot the Shapeless
  1730 | D:2      | Reached * piety under Jiyva
  1730 | D:2      | Reached ** piety under Jiyva
  1772 | D:1      | Reached skill level 4 in Unarmed Combat
  1795 | D:2      | Reached XP level 4. HP: 32/35 MP: 4/4
  1845 | D:2      | Reached *** piety under Jiyva
  2411 | D:3      | Found a radiant altar of Vehumet.
  2441 | D:3      | Killed from afar by an orc priest

Illustrated notes

Levels and vault maps discovered:
D:1:      dpeg_arrival_short_road, layout_loops_corners
D:2:      cheibrodos_old_hovel, layout_basic, ebering_ecumenical_altar_petrified
D:3:      layout_basic, mainiacjoe_overflow_small_starburst, minmay_diced_spiral

Skill      XL: |  1  2  3 |
---------------+----------+-----
Unarmed Combat | 3 4 |  4.4
Fighting       | |  3.0
Dodging        | |  2.4
Stealth        | |  1.5

Action                   |  1- 3 |  4- 6 || total
-------------------------+-------+-------++-------
Melee: Unarmed           |   145 |    48 ||   193
       Punch             |     5 |     1 ||     6
 Stab: Sleeping          |     1 |       ||     1
Armor: Ring mail         |    65 |    26 ||    91
       Robe              |     2 |       ||     2
Dodge: Dodged            |    85 |    37 ||   122

Table legend: (Time is in decaauts)
 A = Elapsed time spent in this place.
 B = Non-inter-level travel time spent in this place.
 C = Inter-level travel time spent in this place.
 D = Time resting spent in this place.
 E = Time spent auto-exploring this place.
 F = Levels seen in this place.
 G = Mean time per level.
                   A        B        C        D        E       F      G
               +--------+--------+--------+--------+--------+-----+--------+
         Total |   2427 |   2348 |     79 |    214 |   1677 |   3 |  809.0 |
       Dungeon |   2427 |   2348 |     79 |    214 |   1677 |   3 |  809.0 |
               +--------+--------+--------+--------+--------+-----+--------+

Top non-repeatable levels by time:
     D:1: 1449 daAuts
     D:2: 934 daAuts
     D:3: 43 daAuts
